Cogmind - Beta 14 *** ADVENTURER MODE // 2024.08.10 @ 23:32:58 Player: Ishmael Result: Destroyed by X-57 Shotgunner with High-powered Shotgun Performance ------------- Evolutions (3) 1500 Regions Visited (4) 800 Robots Destroyed (129) 645 Value Destroyed (3730) 3730 Prototype IDs (2) 40 Alien Tech Used (0) 0 Bonus (0) 0 TOTAL SCORE: 6715 Bonus ------- None Cogmind --------- Core Integrity 0/700 Matter 300/300 Energy 96/100 System Corruption 4% Temperature Cool (6) Movement Core (150) Ox2 Location -7/Factory Parts ------- > --- POWER (1) -------- (None) > --- PROPULSION (4) --- (None) > --- UTILITY (6) ------ Small Storage Unit Advanced Visual Processing Unit ECM Suite > --- WEAPON (2) ------- (None) > --- INVENTORY (8) ---- (None) Peak State ------------ > --- POWER ------------ Light Nuclear Core > --- PROPULSION ------- Gravmag System Gravmag System Gravmag System Gravmag System > --- UTILITY ---------- Small Storage Unit Advanced Visual Processing Unit Melee Analysis Suite Transmission Jammer Improved Utility Shielding Layered Light Armor Plating > --- WEAPON ----------- Minigun Power Maul > --- INVENTORY -------- Light Deuterium Engine Improved Flight Unit Cesium-ion Thruster Cesium-ion Thruster ECM Suite Layered Light Armor Plating Pulse Rifle Mini Grenade Launcher [Rating: 46] Favorites ----------- Power Light Ion Engine Engine Light Ion Engine Power Core Light Nuclear Core Propulsion Light Treads Treads Light Treads Leg Aluminum Leg Hover Unit Gravmag System Flight Unit Cesium-ion Thruster Utility Small Storage Unit Device Shield Generator Storage Small Storage Unit Processor Advanced Visual Processing Unit Protection Improved Utility Shielding Weapon Katana Energy Gun Pulse Rifle Ballistic Gun Minigun Launcher Grenade Launcher Impact Weapon Power Maul Slashing Weapon Katana Build | -11 -10 -9 -8 -7 ------- Run | Yrd Mat Mat Mat Fac Slots Evolved 6 | . . 2 2 2 Power . | . . . . . Propulsion 2 | . . 1 . 1 Utility 4 | . . 1 2 1 Weapon . | . . . . . Parts Attached 121 | 6 9 36 41 29 Power 12 | 1 . 2 5 4 Engine 8 | 1 . 2 3 2 Core 4 | . . . 2 2 Reactor . | . . . . . Propulsion 43 | 2 3 11 15 12 Treads 8 | . . 5 3 . Leg 17 | 2 3 6 6 . Wheel . | . . . . . Hover 15 | . . . 6 9 Flight 3 | . . . . 3 Utility 25 | 1 2 9 8 5 Device 5 | . 2 . 1 2 Storage 4 | 1 . 3 . . Processor 3 | . . 1 2 . Hackware . | . . . . . Protection 13 | . . 5 5 3 Artifact . | . . . . . Weapon 41 | 2 4 14 13 8 Energy Gun 8 | . . 4 3 1 Energy Cannon . | . . . . . Ballistic Gun 10 | 2 2 2 2 2 Ballistic Cannon . | . . . . . Launcher 15 | . 2 5 5 3 Special Weapon . | . . . . . Impact Weapon 3 | . . . 1 2 Slashing Weapon 5 | . . 3 2 . Piercing Weapon . | . . . . . Special Melee Weapon . | . . . . . Unidentified Prototypes 2 | . . . . 2 Parts Lost 27 | . . 6 4 17 Power 4 | . . 1 1 2 Propulsion 11 | . . 2 1 8 Utility 8 | . . 1 2 5 Weapon 4 | . . 2 . 2 Highest Loss Streak 11 | . . 5 1 11 To Critical Strikes . | . . . . . Average Slot Usage (%) 96 | . 94 97 98 93 Engine 6 | . 14 10 5 1 Core 2 | . . . 3 5 Treads 8 | . . 21 7 . Leg 12 | . 28 10 15 . Hover 6 | . . . 3 24 Device 6 | . 9 6 5 7 Storage 9 | . 14 11 9 7 Processor 8 | . . 4 11 14 Protection 13 | . . 10 18 13 Energy Gun 2 | . . 3 4 . Ballistic Gun 8 | . 27 7 4 4 Launcher 1 | . . 3 . 1 Impact Weapon 1 | . . . . 6 Slashing Weapon 5 | . . 7 8 . Peak Build Rating 46 | 6 7 16 31 46 Average Rating 22 | 4 6 12 25 39 On Entrance 12 | . 6 7 16 31 Naked Turns . | . . . . . Heaviest Build 25 | 11 13 18 22 25 Greatest Support 60 | 20 20 60 60 36 Greatest Overweight (x) 6 | . . 1 6 5 Average Overweight (x) . | . . . . . Largest Inventory Capacity 8 | 8 8 8 8 8 Average Capacity 7 | 6 8 8 8 8 Most Carried 8 | 3 8 8 8 8 Average Carried 7 | 2 6 7 7 6 Final Capacity 8 | 8 8 8 8 8 Final Carried 8 | 3 8 8 8 . Class Distribution -------------------- 78% | Mutant 20% | Scavenger-Mutant Dominant Class ---------------- Mutant | -10/Materials Scavenger-Mutant | -9/Materials Mutant | -8/Materials Mutant | -7/Factory Resources | -11 -10 -9 -8 -7 ----------- Run | Yrd Mat Mat Mat Fac Matter Collected 2470 | 246 126 842 683 573 Remotely . | . . . . . Salvage Created 3926 | . 156 980 1569 1221 Parts 214 | . 20 58 70 66 Haulers Intercepted . | . . . . . Recyclers Shooed 3 | . . . . 3 Parts Field Recycled . | . . . . . Retrieved Matter . | . . . . . Parts Self-Destructed . | . . . . . Prevented . | . . . . . Kills | -11 -10 -9 -8 -7 ------- Run | Yrd Mat Mat Mat Fac Combat Hostiles Destroyed 93 | . 8 28 37 20 Melee 17 | . . 1 13 3 Guns 33 | . 2 14 12 5 AOE 38 | . 6 13 12 7 Classes Destroyed 13 | . 3 3 4 3 Worker 7 | . . . 1 6 Builder 3 | . . 1 . 2 Tunneler 1 | . . . . 1 Recycler 8 | . . . 2 6 Operator 4 | . . . 2 2 Watcher 13 | . 2 4 5 2 Swarmer 28 | . 6 7 10 5 Grunt 35 | . 2 13 16 4 Duelist 4 | . . 2 . 2 Protector 1 | . . . . 1 Sentry 17 | . . 6 10 1 Hunter 4 | . . . 1 3 Programmer 4 | . . . . 4 Best Kill Streak 14 | . 4 5 6 14 Combat Bots Only 5 | . 3 4 5 5 Max Kills in Single Turn 4 | . 2 2 4 4 Gunslinging . | . . . . . Exploded 3 | . 2 2 3 2 Melee 1 | . . 1 1 1 Uniques/NPCs Destroyed . | . . . . . Combat | -11 -10 -9 -8 -7 -------- Run | Yrd Mat Mat Mat Fac Hostile Shots Fired 773 | . 17 151 183 422 Missed 251 | . 6 35 45 165 Damage Taken 5098 | . 93 1234 1327 2444 Core 1082 | . . 222 155 705 Absorbed by Shields 347 | . . . 198 149 Redirected to Shielding 132 | . . . 29 103 Ignored by Resistances 1607 | . 28 364 436 779 Regen/Repaired (Parts) 74 | . . 26 36 12 Core Remaining (%) 78 | 100 100 44 71 . Volleys Fired 283 | . 21 89 120 53 Largest 2 | . 2 2 1 2 Hottest 88 | . 40 46 63 88 Shots Fired 327 | . 36 114 120 57 Gun 271 | . 32 93 108 38 Cannon . | . . . . . Launcher 56 | . 4 21 12 19 Special . | . . . . . Kinetic 175 | . 32 78 31 34 Thermal 73 | . . . 69 4 Explosive 54 | . 4 21 12 17 Electromagnetic 25 | . . 15 8 2 Robot Hit Streak 32 | . 10 30 32 12 Robot Miss Streak 3 | . 2 3 3 3 Penetration Max . | . . . . . Secondary Targets 1 | . . 1 . . Max Gunslinging Chain 1 | . . 1 . . Shots Hit Robots 304 | . 18 90 129 67 Core Hits 195 | . 13 54 73 55 Critical Kills 2 | . . . 1 1 Critical Parts Destroyed 6 | . . . 1 5 Critical Strikes 18 | . . 1 11 6 Burn 3 | . . . 3 . Destroy 2 | . . . 1 1 Corrupt 1 | . . 1 . . Smash 6 | . . . 1 5 Sever 6 | . . . 6 . Melee Attacks 69 | . . 5 35 29 Impact 31 | . . . 2 29 Slashing 38 | . . 5 33 . Piercing . | . . . . . Sneak Attacks 3 | . . . 1 2 Combat Hostiles 1 | . . . . 1 Follow-up Attacks . | . . . . . Damage Inflicted 10067 | . 511 2282 3701 3573 Guns 3343 | . 204 1127 1512 500 Cannons . | . . . . . Explosions 4165 | . 307 1035 1099 1724 Melee 2559 | . . 120 1090 1349 Ramming . | . . . . . Kinetic 2035 | . 204 948 436 447 Thermal 1105 | . . . 1052 53 Explosive 4035 | . 307 1035 1029 1664 Electromagnetic 333 | . . 179 94 60 Impact 1423 | . . . 74 1349 Slashing 1136 | . . 120 1016 . Piercing . | . . . . . Highest Corruption 4 | . . . . 4 Average Corruption 1 | . . . . 1 Corruption Purged . | . . . . . Corruption Blocked . | . . . . . Effects 11 | . . . . 11 Message Errors 2 | . . . . 2 Matter Fused 4 | . . . . 4 Energy Discharges 3 | . . . . 3 Parts Rejected 1 | . . . . 1 Data Loss (minor) 1 | . . . . 1 Overload Shots . | . . . . . Overflow Damage 650 | . 28 13 70 539 Projectiles . | . . . . . Explosions 57 | . 28 . 8 21 Melee 593 | . . 13 62 518 Knockbacks 5 | . . . . 5 Impact 5 | . . . . 5 Kinetic . | . . . . . Secondary . | . . . . . Self-Inflicted Damage 110 | . . 7 35 68 Shots 5 | . . 1 1 3 Rammed . | . . . . . Targets Rammed . | . . . . . Kicked . | . . . . . Crushed . | . . . . . Highest Temperature 280 | . 9 33 280 146 Average Temperature 51 | . 6 8 73 29 Received Heat Transfer 1683 | . 48 537 672 426 Siege Activations . | . . . . . Robots Corrupted 8 | . . . 1 7 Combat Hostiles 5 | . . . . 5 Parts Fried 14 | . . . 5 9 Impact Corruptions 19 | . . . 1 18 Robots Melted . | . . . . . Combat Hostiles . | . . . . . Parts Melted 5 | . . . 4 1 Heat Transferred 2579 | . . . 2468 111 Parts Sabotaged . | . . . . . Parts Stolen . | . . . . . Parts Stripped . | . . . . . Power Chain Reactions 1 | . . . 1 . Alert | -11 -10 -9 -8 -7 ------- Run | Yrd Mat Mat Mat Fac Peak Influence 343 | . 156 287 343 328 Initial 49 | . . 30 49 35 Average 120 | . 49 100 150 132 Maximum Alert Level 1 | . . 1 1 1 Low Security (%) 80 | 100 100 89 69 76 Level 1 19 | . . 10 30 23 Level 2 . | . . . . . Level 3 . | . . . . . Level 4 . | . . . . . Level 5 . | . . . . . High Security . | . . . . . Max Security . | . . . . . Squads Dispatched 14 | . . 4 4 6 Investigation 4 | . . 1 2 1 Extermination 3 | . . . . 3 Reinforcement 7 | . . 3 2 2 Assault . | . . . . . Garrison . | . . . . . Intercept . | . . . . . Searches Triggered . | . . . . . Construction Impeded 1 | . . 1 . . Haulers Reinforced 1 | . . . . 1 Active Scanning Responses . | . . . . . Cargo Convoy Interrupts 1 | . . . . 1 Stealth | -11 -10 -9 -8 -7 --------- Run | Yrd Mat Mat Mat Fac Distress Signals 5 | . 1 1 3 . Communications Jammed . | . . . . . Distress Signals . | . . . . . Times Spotted 162 | . 14 37 58 53 Peak Tracking Total 8 | . 5 5 6 8 Tactical Retreats 13 | . . 1 5 7 Traps | -11 -10 -9 -8 -7 ------- Run | Yrd Mat Mat Mat Fac Traps Triggered 4 | . . 2 . 2 Indirectly . | . . . . . Trap Hack Attempts . | . . . . . Triggered . | . . . . . Disarmed 4 | . . . 4 . Reprogrammed . | . . . . . Reused . | . . . . . Traps Extracted . | . . . . . Installed . | . . . . . Triggered . | . . . . . Machines | -11 -10 -9 -8 -7 ---------- Run | Yrd Mat Mat Mat Fac Machines Disabled 1 | . . 1 . . Max in Single Turn 1 | . . 1 . . Garrison Access 1 | . . . 1 . Machines Repaired . | . . . . . Machines Dismantled . | . . . . . Machines Sabotaged . | . . . . . Overloaded Fab Kills . | . . . . . Hacking | -11 -10 -9 -8 -7 --------- Run | Yrd Mat Mat Mat Fac Machines Accessed 36 | . 7 8 12 9 Terminals 26 | . 7 5 8 6 Fabricators . | . . . . . Repair Stations 3 | . . 1 1 1 Recycling Units . | . . . . . Scanalyzers 5 | . . 2 2 1 Garrison Access 2 | . . . 1 1 Total Hacks 101 | . 17 25 34 25 Successful 77 | . 13 21 27 16 Failed 24 | . 4 4 7 9 Catastrophic 5 | . . 2 . 3 Database Lockouts . | . . . . . Manual 60 | . 13 14 17 16 Terminals 73 | . 17 14 22 20 Fabricators . | . . . . . Repair Stations 6 | . . 2 2 2 Recycling Units . | . . . . . Scanalyzers 19 | . . 9 9 1 Garrison Access 3 | . . . 1 2 Terminal Hacks 24 | . 6 5 6 7 Record 1 | . . . 1 . Part Schematic 1 | . . . 1 . Terminal Index 3 | . 1 1 . 1 Locate Traps 12 | . 4 2 3 3 Disarm Traps 1 | . . . 1 . Dispatch Records 1 | . . . . 1 Security Status 1 | . . 1 . . Hauler Manifests 1 | . . . . 1 Zone Layout 3 | . 1 1 . 1 Fabricator Hacks . | . . . . . Repair Station Hacks 6 | . . 2 2 2 Scan Component 3 | . . 1 1 1 Repair 3 | . . 1 1 1 Recycling Unit Hacks . | . . . . . Scanalyzer 18 | . . 9 9 . Insert Component 10 | . . 5 5 . Analyze 8 | . . 4 4 . Garrison Access Hacks 1 | . . . 1 . Seal Access 1 | . . . 1 . Unauthorized Hacks 28 | . 7 5 9 7 Terminals 28 | . 7 5 9 7 Botnet 25 | . 7 5 7 6 Operators 3 | . . . 2 1 Fabricators . | . . . . . Repair Stations . | . . . . . Recycling Units . | . . . . . Scanalyzers . | . . . . . Garrison Access . | . . . . . Data Cores Recovered 3 | . . . 1 2 Used 3 | . . . 1 2 Hacking Detections 29 | . 4 7 9 9 Full Trace Events 4 | . . 1 2 1 Feedback Events . | . . . . . Feedback Blocked . | . . . . . Robot Schematics Acquired . | . . . . . Robots Built . | . . . . . Authchips . | . . . . . Time . | . . . . . Total Robot Build Rating . | . . . . . Part Schematics Acquired 7 | . . 3 4 . Parts Built . | . . . . . Authchips . | . . . . . Time . | . . . . . Total Part Build Rating . | . . . . . Parts Repaired 3 | . . 1 1 1 Time 96 | . . 26 26 44 Parts Recycled . | . . . . . Recycled Matter . | . . . . . Retrieved Matter . | . . . . . Retrieved Components . | . . . . . Parts Scanalyzed 7 | . . 3 4 . Part Schematics Acquired 7 | . . 3 4 . Parts Damaged . | . . . . . Bothacking | -11 -10 -9 -8 -7 ------------ Run | Yrd Mat Mat Mat Fac Used RIF Installer . | . . . . . Robots Hacked . | . . . . . Non-combat . | . . . . . Combat . | . . . . . Robot Hacks Applied . | . . . . . Relay Couplers Released . | . . . . . Fabnet Peak Effective % . | . . . . . Robots Rewired . | . . . . . Allies Hacked . | . . . . . Hacks Repelled . | . . . . . Allies | -11 -10 -9 -8 -7 -------- Run | Yrd Mat Mat Mat Fac Total Allies . | . . . . . Largest Group . | . . . . . Highest-Rated Group . | . . . . . Highest-Rated Ally . | . . . . . Total Orders . | . . . . . Ally Attacks . | . . . . . Total Damage . | . . . . . Kills . | . . . . . Allies Corrupted . | . . . . . Allies Melted . | . . . . . Intel | -11 -10 -9 -8 -7 ------- Run | Yrd Mat Mat Mat Fac Robot Analysis Total . | . . . . . Derelict Logs Recovered . | . . . . . Drone Launches . | . . . . . Drone Recoveries . | . . . . . Exploration | -11 -10 -9 -8 -7 ------------- Run | Yrd Mat Mat Mat Fac Turns Passed 8479 | 71 1039 2221 3397 1751 Spaces Moved 7409 | 53 762 1289 2713 2592 Core 18 | 6 . . 6 6 Treads 1349 | . . 829 520 . Legs 2750 | 47 762 460 1481 . Wheels . | . . . . . Hover 3220 | . . . 706 2514 Flight 72 | . . . . 72 Fastest Speed 48 | 50 120 120 52 48 Average Speed 94 | 112 120 145 103 52 Slowest Speed 350 | 120 120 190 350 300 Overloaded Moves . | . . . . . Propulsion Burnouts . | . . . . . Robots Hopped . | . . . . . Cave-ins Triggered . | . . . . . Exploration Rate (%) 63 | 4 86 80 98 47 Regions Visited 4 Branch Regions . Pre-discovered Areas . | . . . . . Known Exits Taken . | . . . . . Unknown Exits Taken 4 | 1 1 1 1 . Scrap Searched . | . . . . . Spaces Dug . | . . . . . Terrain Destroyed 325 | . 23 122 87 93 Melee . | . . . . . Projectile . | . . . . . AOE 325 | . 23 122 87 93 Terrain Rammed . | . . . . . Walls Destroyed . | . . . . . Machines Disabled . | . . . . . Actions | -11 -10 -9 -8 -7 --------- Run | Yrd Mat Mat Mat Fac Total 8422 | 61 850 1505 3122 2884 Wait 446 | . 53 62 177 154 Move 7405 | 52 761 1288 2712 2592 Hop . | . . . . . Pick Up 31 | 3 5 9 9 5 Fast Attach 64 | 6 1 18 26 13 Attach 24 | . . 6 5 13 Detach . | . . . . . Swap 33 | . 8 12 10 3 Drop 57 | . 1 16 28 12 Fire 283 | . 21 89 120 53 Melee 69 | . . 5 35 29 Ram . | . . . . . Kick . | . . . . . Crush . | . . . . . Escape Stasis 10 | . . . . 10 Rewire . | . . . . . Trap . | . . . . . Miscellaneous . | . . . . . Route ------- -11/Scrapyard -10/Materials (discovered 5 exits: *Mat x3 / [*Min x2]) -9/Materials (discovered 4 exits: *Mat / [*Min x2] / [*Sto]) -8/Materials (discovered 3 exits: *Fac x3) -7/Factory (discovered 3 exits: [*Fac] / [*Low x2]) History --------- Turn | Location | Event 8 | -11/Scrapyard | Discovered new exit (range 14) 72 | -11/Scrapyard | Entered Materials 227 | -10/Materials | Discovered new exit (range 15) 301 | -10/Materials | Build established: Mutant 338 | -10/Materials | Discovered new exit (range 7) 667 | -10/Materials | Discovered new exit (range 20) 851 | -10/Materials | Discovered new exit (range 12) 1004 | -10/Materials | Discovered new exit (range 16) 1111 | -10/Materials | Entered another Materials area 1111 | -9/Materials | Evolved 2 slots: Propulsion x1, Utility x1 1253 | -9/Materials | Discovered new exit (range 14) 1337 | -9/Materials | Repaired Aluminum Leg 1837 | -9/Materials | Lost 5 parts (1p2n1u1w) 1868 | -9/Materials | Discovered new exit (range 16) 2145 | -9/Materials | Build established: Scavenger-Mutant 2146 | -9/Materials | Discovered new exit (range 14) 2975 | -9/Materials | Core integrity fell below 50% 3279 | -9/Materials | Discovered new exit (range 7) 3332 | -9/Materials | Entered another Materials area 3332 | -8/Materials | Evolved 2 slots: Utility x2 3857 | -8/Materials | Build established: Mutant 4276 | -8/Materials | Repaired Lgt. Ion Engine 4898 | -8/Materials | Discovered new exit (range 7) 5367 | -8/Materials | Discovered new exit (range 10) 5849 | -8/Materials | Discovered new exit (range 10) 6729 | -8/Materials | Entered Factory 6729 | -7/Factory | Evolved 2 slots: Propulsion x1, Utility x1 6829 | -7/Factory | Discovered new exit (range 5) 7174 | -7/Factory | Repaired Gravmag System 7483 | -7/Factory | Discovered new exit (range 12) 7867 | -7/Factory | Cargo convoy interrupted 7910 | -7/Factory | Lost 3 parts (3n) 8052 | -7/Factory | Discovered new exit (range 19) 8449 | -7/Factory | Core integrity fell below 50% 8462 | -7/Factory | Core integrity fell below 20% 8480 | -7/Factory | Destroyed by X-57 Shotgunner with High-powered Shotgun Last Messages --------------- 08460_ Acquired 10 matter. 08462_ Acquired 4 matter. 08462_ K-01 Serf collects debris. 08464_ R-06 Scavenger collects Wheel. 08466_ K-01 Serf collects debris. 08467_ W-25 Informer destroyed. 08467_ L-41 Fighter destroyed. 08469_ K-01 Serf collects debris. 08469_ Penetrated by Slug. 08469_ Melee Analysis Suite destroyed. 08469_ Knocked back. 08470_ Acquired 6 matter. 08470_ Minigun destroyed. 08472_ Pulse Rifle destroyed. 08472_ K-01 Serf collects debris. 08473_ Acquired 1 matter. 08474_ K-01 Serf destroyed. 08475_ Lyr. Light Armor Plating destroyed. 08475_ Lgt. Deuterium Engine destroyed. 08477_ Knocked back. Map ----- +----------------------------------------------------+ | ?????????????????????????????????????????????????? | | ?????????????????????????????????????????????????? | | ?????????????????????????????????????????????????? | | ?????????????????????????????????????????????????? | | ?????????????????????????????????????????????????? | | ?????????????????????????????????????????????????? | | ?????????????????????????????????????????????????? | | ?????????????????????????????????????????????????? | | ?????????????????????????????????????????????????? | | ?????????????????????????????????????????????????? | | ???????????? ???????????????????????????????????? | | ?????????? ???????????????????????????????????? | | ????????# ???????????????????????????????????? | | ????????# ???????????????????????????????????? | | ??????### ##?????????????????????????????????? | | ??????# #????????????????????????????????? | | ?????## #????????????????????????????????? | | ????? #????????????????????????????????? | | ??????# ?????????????????????????????????? | | ??????# ????????????????? ???????????????? | | ??????# ???????????????"" ???????????????? | | ??????# ??????????????""" ???????????????? | | ??????# ????????????? ""?????????????????? | | ??????# ???????????? ???????????????????? | | ???????# ############;#############????????? | | ???????# @ k ????? | | ???????# % ????? | | ???????# *%%Y* * ????? | | ???????# =%=% !% x ?????? | | ???????# H!p! x ?????? | | ?##????# ##########################+#??????? | | ? ????# #?????????????????????????????????? | | ??" ???# #?????????????????????????????????? | | ??? ??# #?????????????????????????????????? | | ???? ?# #?????????????????????????????????? | | ????? # #?????????????????????????????????? | | ?????? # #?????????????????????????????????? | | ???????+ /?????????????????????????????????? | | ???????# #?????????????????????????????????? | | ???????# #?????????????????????????????????? | | ???????# #?????????????????????????????????? | | ???????# #?????????????????????????????????? | | ???????# #?????????????????????????????????? | | ???????# #?????????????????????????????????? | | ???????# ^^ #?????????????????????????????????? | | ???????# #?????????????????????????????????? | | ???????# + ????????????????????????????????? | | ???????# # "???????????????????????????????? | | ???????# # ""??????????????????????????????? | | ???????# #?""""????????????????????????????? | +----------------------------------------------------+ Best States ------------- Heat Dissipation 34 Energy Generation 14 Energy Capacity 160 Matter Stores 300 Matter Capacity 300 Sight Range 20 Terrain Scan Range 14 Terrain Scan Density 10 ECM Strength 1 Jamming Range 12 Armor Coverage 300 Resistance: KI 20 Resistance: TH 20 Resistance: EX 20 Resistance: EM 20 Resistance: I 20 Resistance: S 20 Resistance: P 20 Utility Shielding 66 Evasion (%) 55 Melee Accuracy 5 Recoil Reduction 3 Offensive Hacking 10 Item Schematics ----------------- Huge Storage Unit | -9/Materials | Scanalyzed Grenade Launcher | -9/Materials | Scanalyzed Sensor Array | -9/Materials | Scanalyzed ECM Suite | -8/Materials | Scanalyzed Cesium-ion Thruster | -8/Materials | Scanalyzed Mni. Grenade Launcher | -8/Materials | Scanalyzed Lgt. Deuterium Engine | -8/Materials | Scanalyzed Robot Schematics ------------------ None Fabricated ------------ Nothing Alien Tech Used ----------------- None Achievements -------------- None Challenges ------------ None Game ------ Seed PersonalVoltaicLegs Manual? 0 Play Time 02:28:58 Cumulative 55.0 hours Start 2024.08.08 @ 21:05:04 End 2024.08.10 @ 23:32:58 Sessions 5 Manual Loads 0 Difficulty Adventurer Special Mode None Game No. 17 Rogue 0 Adventurer 17 Explorer 0 Win Type - Total 0 Types 0/0/0/0/0/0/0/0/0 Lore% 17 Gallery% 32 Achievement% 33 Wizard Run 0 Options --------- Layout 1 ASCII 0 Keyboard 0 Movement Arrows Keybinds 0 Fullscreen 1 Font 20/Terminus Map View 54x42 Zoom Use 0% Tactical HUD 1 Map Filters NONE Filters NONE Steam 1 RUN: c50bd115-cc28-4eb6-a9e8-0c7aa0522f3c